 Dungeon Crawl Stone Soup version 0.17.0-56-gd8de76c (webtiles) character file.

622 JokEr the Grappler (level 7, -13/57 HPs)
             Began as a Ghoul Monk on Dec 6, 2015.
             Mangled by an ogre
             ... wielding a +0 giant spiked club
              (18 damage)
             ... on level 3 of the Dungeon.
             The game lasted 00:22:12 (5846 turns).

JokEr the Grappler (Ghoul Monk)                     Turns: 5846, Time: 00:22:12

Health: -13/57     AC:  7    Str: 21    XL:     7   Next: 46%
Magic:  6/6        EV: 10    Int:  5    God:
Gold:   234        SH:  0    Dex: 11    Spells: 0 memorised, 6 levels left

rFire  . . .     SeeInvis .       - Unarmed
rCold  + . .     Clarity  .     p - +0 scale mail
rNeg   + + +     SustAt   .     (no shield)
rPois  ∞         Gourm    .     (no helmet)
rElec  .         Spirit   .     k - +0 cloak
rCorr  .         Warding  .     (no gloves)
rMut   .         Stasis   .     (no boots)
MR     .....                    (no amulet)
Stlth  ..........               j - ring of wizardry
                                h - +4 ring of strength

@: rotting, not resistant to hostile enchantments, extremely unstealthy
A: rotting body, claws 1, carnivore 3, cold resistance 1, negative energy
resistance 3, slow regeneration 1, torment resistance, unbreathing
a: no special abilities


You were on level 3 of the Dungeon.
You were not hungry.

You visited 1 branch of the dungeon, and saw 6 of its levels.

You collected 234 gold pieces.

Inventory:

Armour
 a - a +0 robe
 k - a +0 cloak (worn)
 p - a +0 scale mail (worn)
Jewellery
 h - a +4 ring of strength (left claw)
 j - a ring of wizardry (right claw)
Scrolls
 c - 2 scrolls of remove curse
 e - a scroll of identify
 f - a scroll of random uselessness
 o - 2 scrolls of magic mapping {unknown}
Potions
 d - a potion of might
 g - a potion of curing {unknown}
 i - a potion of degeneration {unknown}
 l - a potion of flight {unknown}
 m - a potion of ambrosia
Comestibles
 b - 2 meat rations
 n - 2 chunks of flesh


   Skills:
 - Level 3.2 Fighting
 - Level 2.6 Dodging
 - Level 2.1 Stealth
 + Level 9.6 Unarmed Combat


You had 6 spell levels left.
You didn't know any spells.

Dungeon Overview and Level Annotations

Branches:
Dungeon (6/15)
 Temple: D:4-7

Altars:
Ashenzari
Dithmenos
Elyvilon
Nemelex Xobeh
Qazlal
Sif Muna

Annotations:
D:4 1 runed door


Innate Abilities, Weirdness & Mutations

Your body is rotting away.
You thrive on raw meat.
You are immune to poison.
You have sharp fingernails.
You are carnivorous and can eat meat at any time.
Your flesh is cold resistant.
You are immune to negative energy.
You regenerate slowly when monsters are visible.
You are immune to unholy pain and torment.
You can survive without breathing.


Message History

You are electrocuted!
You scratch the orc but do no damage. The orc hits you but does no damage.
You claw the orc!
You kill the orc!
Your scale mail prevents you from hitting the ogre.
The ogre hits you with a giant spiked club!
You scratch the ogre.
The ogre is lightly wounded.
Your scale mail prevents you from hitting the ogre.
The ogre is lightly wounded.
The ogre hits you with a giant spiked club!
* * * LOW HITPOINT WARNING * * *
Identify which item? (\ to view known items) (? for menu, Esc to quit)
Okay, then.
Read which item? (? for menu, Esc to quit)
Okay, then.
You scratch the ogre but do no damage.
The ogre is lightly wounded.
The ogre hits you with a giant spiked club!!
You die...

###..'.(#..#...#..#[.'..#
.....##.#).#...#..#.##..#
...#..###(.#...#.(###...#
###.#...####.O.####.....#
#........##o##....##.##
#..#..##...o...##.##.#
###..#..###...####.#.#.#
>.......# #...###.###..#
#######.# #..ooO@.#....#
#.# #..o###.#.#.## # #.#
#<### #....## # ###.###.#
#.#.## # #.....#.# #.#.#
# ##.....#.# #.#.########
####........#
#.#........#
##........÷##
#.########.# ##.#.......#
#.# #.#


You could see an ogre and 3 orcs.

Vanquished Creatures
  A phantom (D:4)
  An ogre (D:5)
  A scorpion (D:4)
  A water moccasin skeleton (D:4)
  An orc priest (D:3)
  3 worker ants (D:4)
  A centaur skeleton (D:4)
  An orc wizard (D:3)
  7 adders
  2 oozes (D:3)
  2 adder skeletons (D:4)
  14 orcs
  A ball python (D:3)
  8 bats
  11 giant cockroaches
  10 goblins
  10 hobgoblins
  6 jackals
  2 quokkas
  2 giant geckos
  7 giant newts
  9 kobolds
  8 rats
109 creatures vanquished.

Notes
Turn   | Place    | Note
--------------------------------------------------------------
     0 | D:1      | JokEr the Ghoul Monk began the quest for the Orb.
     0 | D:1      | Reached XP level 1. HP: 19/19 MP: 0/0
   221 | D:1      | Reached XP level 2. HP: 9/25 MP: 1/1
   368 | D:1      | Reached skill level 5 in Unarmed Combat
   733 | D:1      | Reached XP level 3. HP: 30/30 MP: 2/2
  1401 | D:2      | Found a shadowy altar of Dithmenos.
  1407 | D:2      | Found a sparkling altar of Nemelex Xobeh.
  1464 | D:2      | Found a stormy altar of Qazlal.
  1617 | D:2      | Found a deep blue altar of Sif Muna.
  1869 | D:3      | Reached skill level 6 in Unarmed Combat
  1869 | D:3      | Reached XP level 4. HP: 34/37 MP: 3/3
  2195 | D:3      | You fall through a shaft for 3 floors!
  2195 | D:6      | Found a shattered altar of Ashenzari.
  2265 | D:5      | Entered Level 5 of the Dungeon
  2288 | D:5      | Noticed an ogre
  2295 | D:5      | Killed an ogre
  2295 | D:5      | Reached skill level 7 in Unarmed Combat
  2295 | D:5      | Reached XP level 5. HP: 44/44 MP: 4/4
  2461 | D:4      | Noticed a phantom
  3401 | D:4      | Reached XP level 6. HP: 26/51 MP: 5/5
  3556 | D:4      | Noticed a phantom
  3588 | D:4      | Killed a phantom
  3588 | D:4      | Reached skill level 8 in Unarmed Combat
  4125 | D:4      | Reached XP level 7. HP: 39/57 MP: 6/6
  4249 | D:4      | Found a white marble altar of Elyvilon.
  4250 | D:4      | Found a runed door.
  4250 | D:4      | Noticed an angel
  4377 | D:4      | Reached skill level 9 in Unarmed Combat
  5396 | D:3      | Found a shattered altar of Ashenzari.
  5812 | D:3      | Noticed an ogre
  5846 | D:3      | Mangled by an ogre

Action                   |  1- 3 |  4- 6 |  7- 9 || total
-------------------------+-------+-------+-------++-------
Melee: Unarmed           |   105 |   151 |   135 ||   391
  Use: Scroll            |     5 |     4 |       ||     9
 Stab: Sleeping          |     4 |     2 |     3 ||     9
       Distracted        |     1 |     1 |       ||     2
  Eat: Chunk             |    26 |     6 |    18 ||    50
